 Dungeon Crawl Stone Soup version 0.22-a0-369-gc73351f (webtiles) character file.

35 Amnesiac the Magician (level 3, -1/26 HPs)
             Began as a Mummy Wizard on Apr 24, 2018.
             Was an Initiate of Gozag.
             Slain by an adder (3 damage)
             ... on level 3 of the Dungeon.
             The game lasted 00:03:16 (1847 turns).

Amnesiac the Magician (Mummy Wizard)                Turns: 1847, Time: 00:03:17

Health: -1/26      AC:  2    Str: 10    XL:     3   Next: 17%
Magic:  1/8        EV: 12    Int: 18    God:    Gozag
Gold:   134        SH:  2    Dex: 10    Spells: 1/10 levels left

rFire    x x .     SeeInvis .   (no weapon)
rCold    + + .     Gourm    .   (no shield)
rNeg     + + +     Faith    .   a - +0 robe
rPois    ∞         Spirit   .   b - +0 hat
rElec    .         Reflect  +   (no cloak)
rCorr    .         Harm     .   (no gloves)
MR       .....                  (no boots)
Stlth    ++........             d - +2 amulet of reflection
HPRegen  0.08/turn              h - ring of ice
MPRegen  0.11/turn              (no ring)

@: no status effects
A: no food or potions, fire vulnerability, cold resistance 1, negative energy
resistance 3, torment resistance, unbreathing
a: Potion Petition, Call Merchant, Bribe Branch, Renounce Religion


You were on level 3 of the Dungeon.
You worshipped Gozag.
Gozag was aware of your devotion.
You were not hungry.

You visited 1 branch of the dungeon, and saw 3 of its levels.

You collected 148 gold pieces.
You paid 14 gold pieces to Gozag.

Inventory:

Missiles
 g - 30 stones (quivered)
Armour
 a - a +0 robe (worn)
 b - a +0 hat (worn)
Jewellery
 d - a +2 amulet of reflection (around neck)
 h - a ring of ice (left hand)
Scrolls
 c - 3 scrolls of identify {!r, unknown}
 e - 2 scrolls of teleportation {!r, unknown}
 f - 2 scrolls of noise {!r}


   Skills:
 + Level 1.4 Fighting
 * Level 2.6 Dodging
 - Level 1.5 Stealth
 - Level 4.0 Spellcasting
 - Level 0.7 Conjurations
 - Level 0.7 Summonings
   Level 0.7 Translocations


You had one spell level left.
You knew the following spells:

 Your Spells              Type           Power        Failure   Level  Hunger
a - Magic Dart            Conj           #...         11%         1    N/A
b - Call Imp              Summ           #.......     17%         2    N/A
e - Mephitic Cloud        Conj/Pois/Air  #.......     38%         3    N/A
s - Conjure Flame         Conj/Fire      #.......     36%         3    N/A

Dungeon Overview and Level Annotations

Branches:
Dungeon (3/15)

Altars:
Gozag


Innate Abilities, Weirdness & Mutations

You do not eat or drink.
Your flesh is vulnerable to fire.
You are immune to poison.
Your flesh is cold resistant. (rC+)
You are immune to negative energy. (rN+++)
You are immune to unholy pain and torment.
You can survive without breathing.


Message History

Press: ? - help, Shift-Dir - straight line, f/p - kobold
Aim: a kobold, wielding a club (moderately wounded)
The magic dart hits the kobold.
The kobold is severely wounded.
Casting: Magic Dart (safe; 11% risk of failure)
Confirm with . or Enter, or press ? or * to list all spells.
You don't have enough magic to cast that spell.
Casting: Magic Dart (safe; 11% risk of failure)
Confirm with . or Enter, or press ? or * to list all spells.
You don't have enough magic to cast that spell.
A kobold is nearby!
A kobold is nearby!
Casting: Magic Dart (safe; 11% risk of failure)
Confirm with . or Enter, or press ? or * to list all spells.
You don't have enough magic to cast that spell.
Casting: Magic Dart (safe; 11% risk of failure)
Confirm with . or Enter, or press ? or * to list all spells.
You don't have enough magic to cast that spell.
You hit the kobold but do no damage.
The kobold is severely wounded.
The kobold hits you with a club.
You closely miss the kobold.
The kobold is severely wounded.
The kobold hits you but does no damage.
An adder comes into view.
Casting: Magic Dart (safe; 11% risk of failure)
Confirm with . or Enter, or press ? or * to list all spells.
Aiming: Magic Dart (safe; 11% risk of failure)
Press: ? - help, Shift-Dir - straight line, f/p - kobold
Aim: a kobold, wielding a club (severely wounded)
The magic dart hits the kobold.
The kobold is severely wounded.
The adder hisses angrily.
The kobold hits you but does no damage.
You closely miss the kobold.
The kobold is severely wounded.
The kobold closely misses you.
Casting: Magic Dart (safe; 11% risk of failure)
Confirm with . or Enter, or press ? or * to list all spells.
You don't have enough magic to cast that spell.
You barely miss the kobold.
The kobold is severely wounded.
The kobold barely misses you. The adder closely misses you.
You block the kobold's attack. The adder bites you.
* * * LOW HITPOINT WARNING * * *
The kobold hits you with a club.
* * * LOW HITPOINT WARNING * * *
Things that are here:
5 gold pieces; a club
Things that are here:
6 gold pieces; a whip The adder bites you.
* * * LOW HITPOINT WARNING * * *
Really read
f - 3 scrolls labeled ITHROB EST {!r}?
As you read the scroll labeled ITHROB EST {!r}, it crumbles to dust.
You hear a loud clanging noise!
It was a scroll of noise {!r}.
You hear a shout!
You hear an angry hiss. x3
The adder bites you.
* * * LOW HITPOINT WARNING * * *
The adder bites you.
You die...
Your body crumbles into a pile of gold.

#.# #.. #.# ###.# #.#.# ###
## #.#.## #.###########
#.##.#$.###.#.........# $
#.....$$KS@.$.....###.##
#...$...###...###.###..#
#.##$#..# #.#.###.#....# #.
#.#..##...........<.#### ..
.......................#
##.#.##..##.....o.......##.#
..#. #......#.###....... #
#.#. ...##...............
#.#. ..# ##r.........


You could see an adder and a kobold.

Vanquished Creatures
  3 leopard geckos
  2 bats
  A giant cockroach (D:1)
  3 hobgoblins
  A jackal (D:2)
  A quokka (D:2)
  2 frilled lizards
  A goblin (D:2)
  4 kobolds
  A rat (D:1)
19 creatures vanquished.

Vanquished Creatures (collateral kills)
  A worm (D:2)
  3 orcs (D:3)
  A bat (D:3)
  2 giant cockroaches
  A goblin (D:3)
  A hobgoblin (D:1)
  2 jackals (D:2)
  A quokka (D:3)
12 creatures vanquished.

Grand Total: 31 creatures vanquished

Notes
Turn   | Place    | Note
-------+----------+-------------------------------------------
     0 | D:1      | Amnesiac the Mummy Wizard began the quest for the Orb.
     0 | D:1      | Reached XP level 1. HP: 13/13 MP: 5/5
     3 | D:1      | Noticed an electric eel
     3 | D:1      | Noticed an electric eel
   294 | D:2      | Reached XP level 2. HP: 20/20 MP: 0/7
   298 | D:2      | Learned a level 2 spell: Call Imp
   399 | D:2      | Found an opulent altar of Gozag.
   428 | D:2      | Became a worshipper of Gozag Ym Sagoz the Greedy
   520 | D:1      | Reached skill level 1 in Fighting
  1764 | D:2      | Reached XP level 3. HP: 10/26 MP: 2/8
  1780 | D:3      | Learned a level 3 spell: Conjure Flame
  1784 | D:3      | Learned a level 3 spell: Mephitic Cloud
  1847 | D:3      | Slain by an adder

Vault maps used:
D:1:      arrival_aquarium_b, grunt_decor_arrowhead
D:2:      nicolae_gozag_seed_capital, serial_forest, infiniplex_forest_end_2,
          infiniplex_forest_end_double, infiniplex_forest_lined_room_3,
          infiniplex_forest_clump_medium, infiniplex_forest_clump_tiny,
          infiniplex_forest_lined_2, infiniplex_forest_lined_1,
          infiniplex_forest_clump_diagonal
D:3:      chequers_ecumenical_altar_lobes, first_ration, uniq_ijyb

Skill      XL: |  1  2 |
---------------+-------+-----
Dodging        | 2 |  2.6
Fighting       | 1 |  1.4
Stealth        | |  1.5
Spellcasting   | |  4.0
Conjurations   | |  0.7
Summonings     | |  0.7
Translocations | |  0.7

Action                   || total
-------------------------++-------
Melee: Unarmed           ||    31
 Cast: Magic Dart        ||    73
       Call Imp          ||    12
  Use: Scroll            ||     1
Armor: Robe              ||    16
Dodge: Dodged            ||    48
Block: Other             ||     5

Table legend:
 A = Spawn XP
 B = Non-spawn XP
 C = Spawn XP percentage of total XP
 D = Spawn monster count
 E = Non-spawn monster count
 F = Spawn count percentage of total count
 G = Total turns spent on level
                    A         B        C        D         E        F      G
               +---------+---------+-------+---------+---------+-------+---------
         Total |       0 |      51 |   0.0 |       0 |      31 |   0.0 |  1847
               +---------+---------+-------+---------+---------+-------+---------
           D:1 |       0 |      15 |   0.0 |       0 |      10 |   0.0 |   771
           D:2 |       0 |      27 |   0.0 |       0 |      15 |   0.0 |  1002
           D:3 |       0 |       9 |   0.0 |       0 |       6 |   0.0 |    74
               +---------+---------+-------+---------+---------+-------+---------
